 Dungeon Crawl Stone Soup version 0.20-a0-256-gabb291d (webtiles) character file.

1138 Gorfmaster the Slasher (level 8, 0/81 HPs)
             Began as a Formicid Chaos Knight on Dec 1, 2016.
             Slain by an orc warrior
             ... wielding a +0 hand axe
              (3 damage)
             ... on level 6 of the Dungeon.
             The game lasted 00:17:14 (5893 turns).

Gorfmaster the Slasher (Formicid Chaos Knight)      Turns: 5893, Time: 00:17:15

Health: 0/81       AC: 24    Str: 17    XL:     8   Next: 63%
Magic:  8/8        EV:  2    Int: 12    God:    Xom [...*..]
Gold:   381        SH:  0    Dex: 12    Spells: 7/7 levels left

rFire  . . .     SeeInvis .     m - +1 long sword
rCold  . . .     Gourm    .     (armour currently unavailable)
rNeg   + + +     Faith    .     (no shield)
rPois  +         Spirit   .     (helmet unavailable)
rElec  .         Reflect  .     (cloak currently unavailable)
rCorr  .         Harm     .     (gloves currently unavailable)
MR     .....     Clarity  +     (boots currently unavailable)
Stlth  ++........               (no amulet)
                                (no ring)
                                g - ring of stealth

@: tree-form, drained
A: permanent stasis, dig shafts and tunnels, four strong arms, (antennae 0),
clarity, frail 1
a: Renounce Religion


You were on level 6 of the Dungeon.
You worshipped Xom.
You were a favourite toy of Xom.
You were hungry.
You were a tree.
You visited 1 branch of the dungeon, and saw 6 of its levels.

You collected 381 gold pieces.

Inventory:

Hand Weapons
 a - a +2 mace of holy wrath
 m - a +1 long sword (weapon)
Armour
 l - a +1 scale mail (melded)
Jewellery
 g - a ring of stealth (left branch)
Wands
 e - a wand of iceblast (5/15)
Scrolls
 f - 2 scrolls of remove curse
 i - a scroll of immolation
 k - 2 scrolls of magic mapping
Books
 h - a book of Misfortune

   Spells                             Type                      Level
   a - Confusing Touch                Hexes                        1
   b - Confuse                        Hexes                        3
   c - Gell's Gravitas                Hexes/Translocation          3
   d - Petrify                        Transmutation/Earth          4
   e - Metabolic Englaciation         Hexes/Ice                    5
   f - Yara's Violent Unravelling     Hexes/Transmutation          5
Comestibles
 c - 4 bread rations
 j - 8 meat rations
 o - a slice of pizza


   Skills:
 + Level 4.9(4.6) Fighting
 * Level 7.8(7.5) Long Blades
 + Level 4.7(4.4) Armour
 + Level 3.4(3.1) Dodging


You had 7 spell levels left.
You didn't know any spells.

Dungeon Overview and Level Annotations

Branches:
Dungeon (6/15)             Temple (0/1) D:5

Altars:
Dithmenos
Trog
Xom
The Shining One


Innate Abilities, Weirdness & Mutations

You cannot be hasted, slowed, berserked, paralysed or teleported.
You can dig through walls and to a lower floor.
Your four strong arms can wield two-handed weapons with a shield.
((You have a pair of large antennae on your head. (SInv)))
You possess an exceptional clarity of mind.
You are frail. (-10% HP)


Message History

The orc warrior completely misses you.
You riposte.
You hit the orc warrior but do no damage.
The orc warrior is heavily wounded.
You barely miss the orc warrior.
The orc warrior is heavily wounded.
You hit the orc warrior but do no damage.
The orc warrior is heavily wounded.
The orc warrior hits you but does no damage.
You hit the orc warrior but do no damage.
The orc warrior is heavily wounded.
The orc warrior hits you but does no damage.
You hit the orc warrior but do no damage.
The orc warrior is heavily wounded.
The orc warrior hits you with a hand axe!
* * * LOW HITPOINT WARNING * * *
You hit the orc warrior but do no damage.
The orc warrior is heavily wounded.
The orc warrior hits you with a hand axe.
You die...
Xom is highly amused!

....# #.# ....# {
#..# #.# ....# ..#...
..# ###.# #...#
#.#..# #.# #...#
#.#.. #.# #...# #.#..
#.# #...# #.#.# #.#
#...# #.#o# #.# #...#
#.#♣# #.# #...###.#.#
#...
###.####)..##....#
#...
.......§#####..####{
# #...
)......§§............
.. #...
.......§#####........
##.##... (.......#
###.####. #.......
.?......# .# #..#....
........# .# ......J<


You could see an orc warrior.

Vanquished Creatures
  An ice beast (D:6)
  An ogre (D:6)
  The ghost of Guenter the Cudgeler, an amateur DsGl (D:3)
  A bullfrog (D:2)
  Blork the orc (D:4)
  A scorpion (D:4)
  A water moccasin skeleton (D:6)
  A crimson imp (D:5)
  3 hounds
  A bullfrog skeleton (D:4)
  2 iguanas (D:4)
  Terence (D:3)
  3 worker ants
  2 orc wizards
  A hound zombie (D:6)
  A hound skeleton (D:4)
  A howler monkey skeleton (D:4)
  2 gnolls (D:4)
  An adder (shapeshifter) (D:3)
  7 adders
  An adder zombie (D:6)
  An adder skeleton (D:5)
  3 worms
  A leopard gecko (D:4)
  21 orcs
  5 bats
  4 giant cockroaches
  15 goblins
  9 hobgoblins
  18 jackals
  16 kobolds
  4 quokkas
  4 frilled lizards
  A leopard gecko zombie (D:5)
  2 rats
138 creatures vanquished.

Vanquished Creatures (collateral kills)
  A worker ant (D:4)
  An orc (D:4)
2 creatures vanquished.

Vanquished Creatures (others)
  A jackal (D:4)
  2 fire vortices (D:4)
3 creatures vanquished.

Grand Total: 143 creatures vanquished

Notes
Turn   | Place    | Note
-------+----------+-------------------------------------------
     0 | D:1      | Gorfmaster the Formicid Chaos Knight began the quest for the Orb.
     0 | D:1      | Reached XP level 1. HP: 18/18 MP: 1/1
     4 | D:1      | XOM: divination: detect items
   115 | D:1      | You fall through a shaft!
   136 | D:2      | Reached XP level 2. HP: 11/24 MP: 2/2
   140 | D:2      | Reached skill level 4 in Long Blades
   140 | D:2      | Reached XP level 3. HP: 11/29 MP: 3/3
   248 | D:2      | Noticed a bullfrog
   248 | D:2      | a dart slug changed into a bullfrog
   252 | D:2      | HP: 1/29 [bullfrog (2)]
   253 | D:2      | Killed a bullfrog
   253 | D:2      | Reached skill level 5 in Long Blades
   253 | D:2      | Reached XP level 4. HP: 1/35 MP: 4/4
   588 | D:2      | Reached XP level 5. HP: 30/41 MP: 5/5
   660 | D:1      | XOM: harmless Conj miscast
   734 | D:1      | XOM: noise
   783 | D:1      | XOM: divination: detect items
   987 | D:1      | XOM: silly message
  1752 | D:3      | XOM: harmless Air miscast
  1797 | D:3      | Noticed Guenter's ghost (amateur DsGl)
  1857 | D:3      | XOM: divination: detect items
  1949 | D:3      | Noticed Terence
  1956 | D:3      | Killed Terence
  1956 | D:3      | Reached skill level 6 in Long Blades
  1956 | D:3      | Reached skill level 1 in Dodging
  1961 | D:3      | XOM: cloud trail
  2046 | D:3      | XOM: potion effect (curing)
  2059 | D:3      | Killed Guenter's ghost
  2059 | D:3      | Reached XP level 6. HP: 11/47 MP: 6/6
  2067 | D:3      | HP: 1/47 [worm (6)]
  2177 | D:2      | XOM: harmless Hex miscast
  2439 | D:3      | XOM: enchant monster (good)
  2624 | D:3      | XOM: blink monster(s)
  2639 | D:3      | Gained mutation: You are resistant to hostile enchantments. (MR+) [mutagenic meat]
  2640 | D:3      | Gained mutation: You possess an exceptional clarity of mind. [mutagenic meat]
  2641 | D:3      | Gained mutation: Your muscles are strong. (Str +2) [mutagenic meat]
  2669 | D:3      | XOM: smoke on damage
  2773 | D:3      | XOM: scenery: create altars
  2965 | D:4      | Reached XP level 7. HP: 36/53 MP: 7/7
  2968 | D:4      | XOM: divination: detect creatures
  2997 | D:4      | XOM: cloud trail
  3052 | D:4      | XOM: summons friendly ufetubus
  3118 | D:4      | Noticed Blork the orc
  3127 | D:4      | Killed Blork the orc
  3174 | D:4      | XOM: give mutations
  3174 | D:4      | Gained mutation: You are frail. (-10% HP) [Xom's mischief]
  3174 | D:4      | Lost mutation: You are resistant to hostile enchantments. (MR+) [Xom's mischief]
  3174 | D:4      | Lost mutation: Your muscles are strong. (Str +2) [Xom's mischief]
  3241 | D:4      | XOM: god gift: glowing mace {god gift}
  3266 | D:4      | XOM: divination: detect creatures
  3446 | D:4      | XOM: divination: detect creatures
  3487 | D:4      | XOM: mild Fire miscast
  3488 | D:4      | XOM: butterfly on damage
  3501 | D:4      | XOM: butterfly on damage
  3698 | D:4      | XOM: potion effect (curing)
  4087 | D:4      | Found a bloodstained altar of Trog.
  4152 | D:4      | XOM: scenery: create altars
  4174 | D:4      | Reached skill level 7 in Long Blades
  4375 | D:4      | XOM: god gift: 17 gold pieces
  4424 | D:4      | Reached XP level 8. HP: 51/54 MP: 8/8
  4584 | D:5      | Entered Level 5 of the Dungeon
  4679 | D:5      | Got a scorched leather armour
  4690 | D:5      | Identified the +1 leather armour of Acryty {*Drain rCorr MP+9 Int+8} (You found it on level 5 of the Dungeon)
  4705 | D:5      | Found a glowing golden altar of the Shining One.
  4872 | D:5      | Found a shadowy altar of Dithmenos.
  4944 | D:5      | Found a staircase to the Ecumenical Temple.
  4967 | D:5      | XOM: fake destruction
  5854 | D:6      | XOM: mild Conj miscast
  5892 | D:6      | HP: 3/81 [orc warrior/hand axe (9)]
  5893 | D:6      | Slain by an orc warrior

Vault maps used:
D:1:      lightli_arrival_flooded_house
D:3:      first_bread, uniq_terence
D:4:      corexii_shantytown, trog_hazing_becter, uniq_blork_the_orc
D:5:      basic_altar, grunt_dithmenos_smoke

Skill      XL: |  1  2  3  4  5  6  7  8 |
---------------+-------------------------+-----
Long Blades    | 4 5 6 7 |  7.8
Dodging        | 1 2 3 |  3.4
Armour         | 3 4 |  4.7
Fighting       | 4 |  4.9

Action                   |  1- 3 |  4- 6 |  7- 9 || total
-------------------------+-------+-------+-------++-------
Melee: Falchion          |    23 |   187 |    30 ||   240
       Long sword        |       |       |   277 ||   277
  Use: Scroll            |       |     8 |     4 ||    12
       Potion            |       |       |     5 ||     5
 Stab: Sleeping          |       |     7 |       ||     7
       Paralysed         |       |     2 |     6 ||     8
       Petrified         |       |     1 |       ||     1
       Petrifying        |       |     1 |       ||     1
  Eat: Chunk             |       |    10 |     9 ||    19
Armor: Leather armour    |     9 |    30 |       ||    39
       Scale mail        |       |    58 |   120 ||   178
       Skin              |       |       |     5 ||     5
Dodge: Dodged            |    17 |   142 |   172 ||   331
       Rpst.: Falchion   |     5 |    47 |     4 ||    56
       Long sword        |       |       |    47 ||    47
